FSL
JUPITER HAMMERHEADS @ DUNEDIN BLUE JAYS
04/27/2099
 
TOP OF THE 1ST
Jupiter Hammerheads batting - Pitching for Dunedin Blue Jays : RHP R.J. Louvier
Pitching: RHP R.J. Louvier
Batting: LHB David Sandoval 0-0: Ball
1-0: Called Strike
1-1: Called Strike
1-2: Ball
2-2: Fly out, F8 (Flyball, 8RD, EV 106.9 MPH)
Batting: RHB Josh Wilson 0-0: Ball
1-0: Ball
2-0: Swinging Strike
2-1: Foul Ball, location: 9LDF
2-2: Ball
3-2: Base on Balls
Batting: LHB Dan Parker 0-0: Ball
1-0: Foul Ball, location: 23F
1-1: Swinging Strike
1-2: Ball
2-2: Foul Ball, location: 2F
2-2: SINGLE (Groundball, 4MD, EV 101.9 MPH)
Josh Wilson to second
Batting: RHB Brett O'Grady 0-0: Ball
1-0: Called Strike
1-1: Called Strike
1-2: Foul Ball, location: 3F
1-2: Foul Ball, location: 5DF
1-2: Foul Ball, location: 9LSF
1-2: SINGLE (Flyball, 34D, EV 93.8 MPH)
Josh Wilson to third
Dan Parker to second
Batting: SHB Jeremy Maughan 0-0: Called Strike
0-1: Fly out, F2 (Popup, 2L, EV 93.1 MPH)
Batting: RHB Jason Milano 0-0: Called Strike
0-1: Called Strike
0-2: Ball
1-2: Strikes out looking
Top of the 1st over - 0 runs, 2 hits, 0 errors, 3 left on base; Jupiter 0 - Dunedin 0
BOTTOM OF THE 1ST
Dunedin Blue Jays batting - Pitching for Jupiter Hammerheads : RHP Joe Reiling
Pitching: RHP Joe Reiling
Batting: RHB Matt Larsen 0-0: Ball
1-0: Ball
2-0: SINGLE (Groundball, 6MD, EV 95.6 MPH)
Batting: RHB Steve Bova 0-0: Fly out, F7 (Flyball, 78S, EV 76.3 MPH)
Batting: LHB Brandon Garvin 0-0: Swinging Strike
Matt Larsen steals 2nd base
0-1: Called Strike
0-2: Fly out, F9 (Flyball, 9LM, EV 101.3 MPH)
Batting: RHB Bill Curtis 0-0: Swinging Strike
0-1: Foul Ball, location: 2F
0-2: Ground out 4-3 (Groundball, 4, EV 83.1 MPH)
Bottom of the 1st over - 0 runs, 1 hit, 0 errors, 1 left on base; Jupiter 0 - Dunedin 0
TOP OF THE 2ND
Jupiter Hammerheads batting - Pitching for Dunedin Blue Jays : RHP R.J. Louvier
Batting: RHB Steve Franek 0-0: Swinging Strike
0-1: Ball
1-1: Called Strike
1-2: Fly out, F7 (Line Drive, 7LM, EV 97.5 MPH)
Batting: RHB Rico Gomez 0-0: Called Strike
0-1: Ball
1-1: Ball
2-1: Called Strike
2-2: Ball
3-2: Foul Ball, location: 3F
3-2: Ground out 4-3 (Groundball, 4M, EV 95.0 MPH)
Batting: RHB David Alejandra 0-0: Called Strike
0-1: Swinging Strike
0-2: Fly out, F7 (Flyball, 78S, EV 96.9 MPH)
Top of the 2nd over - 0 runs, 0 hits, 0 errors, 0 left on base; Jupiter 0 - Dunedin 0
BOTTOM OF THE 2ND
Dunedin Blue Jays batting - Pitching for Jupiter Hammerheads : RHP Joe Reiling
Batting: RHB Ricky Davila 0-0: Foul Ball, location: 7LSF
0-1: Reaches on Catchers interference
Batting: SHB Luis Solano 0-0: Fielders Choice at 2nd, 1-4 (Groundball, 15S, EV 65.0 MPH)
Batting: RHB Jesse Fobes 0-0: Ball
1-0: Foul Ball, location: 9LMF
1-1: Ball
2-1: Foul Ball, location: 2F
2-2: Strikes out swinging
Batting: RHB Dave Ellenbecker 0-0: Ground out 5-3 (Groundball, 56S, EV 71.3 MPH)
Bottom of the 2nd over - 0 runs, 0 hits, 1 error, 1 left on base; Jupiter 0 - Dunedin 0
TOP OF THE 3RD
Jupiter Hammerheads batting - Pitching for Dunedin Blue Jays : RHP R.J. Louvier
Batting: LHB David Sandoval 0-0: Ball
1-0: Ball
2-0: Called Strike
2-1: Foul Ball, location: 7LDF
2-2: DOUBLE (Line Drive, 3D, EV 95.0 MPH)
Batting: RHB Josh Wilson 0-0: Ball
1-0: SINGLE (Line Drive, 89S, EV 102.5 MPH)
David Sandoval to third
Runner from 3rd tries for Home, SAFE, throw by RF to home
Batting: LHB Dan Parker 0-0: Foul Ball, location: 2F
0-1: Swinging Strike
0-2: Strikes out swinging
Batting: RHB Brett O'Grady 0-0: Ball
1-0: Ball
2-0: Grounds into double play, 6-4-3 (Groundball, 6, EV 86.3 MPH)
Top of the 3rd over - 1 run, 2 hits, 0 errors, 0 left on base; Jupiter 1 - Dunedin 0
BOTTOM OF THE 3RD
Dunedin Blue Jays batting - Pitching for Jupiter Hammerheads : RHP Joe Reiling
Batting: RHB Jeff Dolcini 0-0: Called Strike
0-1: Called Strike
0-2: Ball
1-2: Foul Ball, location: 2F
1-2: SINGLE (Groundball, 4, EV 81.9 MPH)
Batting: RHB Matt Larsen 0-0: Foul Ball, location: 2F
0-1: SINGLE (Line Drive, 8LS, EV 101.3 MPH)
Jeff Dolcini to second
Batting: RHB Steve Bova 0-0: Ball
1-0: Ball
2-0: Called Strike
2-1: Fielders Choice at 2nd, 5-4 (Groundball, 56S, EV 86.3 MPH)
Jeff Dolcini to third
Batting: LHB Brandon Garvin 0-0: Ball
1-0: Ball
2-0: Called Strike
2-1: Foul Ball, location: 2F
2-2: Fly out, F9 (Flyball, 9S, EV 84.4 MPH)
Lined into DP, 9-5 (Flyball, 9S, EV 84.4 MPH)
Bottom of the 3rd over - 0 runs, 2 hits, 0 errors, 1 left on base; Jupiter 1 - Dunedin 0
TOP OF THE 4TH
Jupiter Hammerheads batting - Pitching for Dunedin Blue Jays : RHP R.J. Louvier
Batting: SHB Jeremy Maughan 0-0: Ball
1-0: Called Strike
1-1: Called Strike
1-2: Ball
2-2: Foul Ball, location: 2F
2-2: Foul Ball, location: 7LSF
2-2: Foul Ball, location: 25FF
2-2: Foul Ball, location: 5SF
2-2: SINGLE (Flyball, 56D, EV 91.3 MPH)
Batting: RHB Jason Milano 0-0: Called Strike
0-1: Ball
1-1: Grounds into double play, 5-4-3 (Groundball, 5L, EV 79.4 MPH)
Batting: RHB Steve Franek 0-0: Called Strike
0-1: Ball
1-1: Ball
2-1: Foul Ball, location: 2F
2-2: DOUBLE (Line Drive, 8LD, EV 98.8 MPH)
Batting: RHB Rico Gomez 0-0: Called Strike
0-1: Ball
1-1: Ball
2-1: SINGLE (Line Drive, 9S, EV 104.4 MPH)
Steve Franek to third
Runner from 3rd tries for Home, SAFE, throw by RF to home
Batting: RHB David Alejandra 0-0: Ball
1-0: Ball
2-0: Called Strike
2-1: SINGLE (Groundball, 34D, EV 96.3 MPH)
Rico Gomez to second
Runner from 2nd tries for 3rd, SAFE, no throw by RF
Batting: LHB David Sandoval 0-0: Called Strike
0-1: Swinging Strike
0-2: Strikes out swinging
Top of the 4th over - 1 run, 4 hits, 0 errors, 2 left on base; Jupiter 2 - Dunedin 0
BOTTOM OF THE 4TH
Dunedin Blue Jays batting - Pitching for Jupiter Hammerheads : RHP Joe Reiling
Batting: RHB Bill Curtis 0-0: Ball
1-0: Ball
2-0: Foul Ball, location: 3DF
2-1: Called Strike
2-2: Ground out 4-3 (Groundball, 4, EV 83.8 MPH)
Batting: RHB Ricky Davila 0-0: Fly out, F7 (Flyball, 7, EV 92.5 MPH)
Batting: SHB Luis Solano 0-0: Ball
1-0: Called Strike
1-1: Ball
2-1: Foul Ball, location: 3F
2-2: Foul Ball, location: 5SF
2-2: Foul Ball, location: 5F
2-2: Foul Ball, location: 2F
2-2: Ball
3-2: Ground out 4-3 (Groundball, 4MS, EV 80.0 MPH)
Bottom of the 4th over - 0 runs, 0 hits, 0 errors, 0 left on base; Jupiter 2 - Dunedin 0
TOP OF THE 5TH
Jupiter Hammerheads batting - Pitching for Dunedin Blue Jays : RHP R.J. Louvier
Batting: RHB Josh Wilson 0-0: SINGLE (Line Drive, 6MD, EV 110.6 MPH)
Batting: LHB Dan Parker 0-0: Called Strike
0-1: Hit by Pitch
Josh Wilson to second
Pitching: RHP Tyler Cox
Batting: RHB Brett O'Grady 0-0: Called Strike
0-1: Swinging Strike
0-2: Foul Ball, location: 2F
0-2: Ball
1-2: Foul Ball, location: 5FF
1-2: Ball
2-2: Strikes out looking
Batting: SHB Jeremy Maughan 0-0: Called Strike
0-1: Swinging Strike
0-2: Foul Ball, location: 2F
0-2: Strikes out looking
Batting: RHB Jason Milano 0-0: Ball
1-0: Called Strike
1-1: Ball
2-1: Swinging Strike
2-2: Strikes out looking
Top of the 5th over - 0 runs, 1 hit, 0 errors, 2 left on base; Jupiter 2 - Dunedin 0
BOTTOM OF THE 5TH
Dunedin Blue Jays batting - Pitching for Jupiter Hammerheads : RHP Joe Reiling
Batting: RHB Jesse Fobes 0-0: Swinging Strike
0-1: Ball
1-1: Ball
2-1: Foul Ball, location: 9LSF
2-2: Fly out, F7 (Flyball, 78M, EV 85.6 MPH)
Batting: RHB Dave Ellenbecker 0-0: Called Strike
0-1: Ground out 6-3 (Groundball, 6, EV 78.1 MPH)
Batting: RHB Jeff Dolcini 0-0: Ball
1-0: Ball
2-0: Foul Ball, location: 2F
2-1: Foul Ball, location: 2F
2-2: Foul Ball, location: 9LDF
2-2: Ball
3-2: Base on Balls
Batting: RHB Matt Larsen 0-0: Ball
1-0: Foul Ball, location: 3FF
1-1: Ball
2-1: Called Strike
2-2: Ball
3-2: 2-RUN HOME RUN (Flyball, 9LD, EV 96.3 MPH), Distance : 348 ft
Batting: RHB Steve Bova 0-0: Swinging Strike
0-1: Ball
1-1: Called Strike
1-2: SINGLE (Groundball, 34D, EV 96.9 MPH)
Batting: LHB Brandon Garvin 0-0: Ball
1-0: Ball
2-0: Called Strike
2-1: Ball
3-1: Base on Balls
Steve Bova to second
Batting: RHB Bill Curtis 0-0: Ball
1-0: Foul Ball, location: 2F
1-1: Swinging Strike
1-2: Ball
2-2: Foul Ball, location: 2F
2-2: Ground out 4-3 (Groundball, 4, EV 85.0 MPH)
Bottom of the 5th over - 2 runs, 2 hits, 0 errors, 2 left on base; Jupiter 2 - Dunedin 2
TOP OF THE 6TH
Jupiter Hammerheads batting - Pitching for Dunedin Blue Jays : RHP Tyler Cox
Batting: RHB Steve Franek 0-0: Ball
1-0: SOLO HOME RUN (Line Drive, 7LD, EV 95.6 MPH), Distance : 346 ft
Batting: RHB Rico Gomez 0-0: Called Strike
0-1: Ball
1-1: Swinging Strike
1-2: Ball
2-2: SINGLE (Line Drive, 34D, EV 102.5 MPH)
Batting: RHB David Alejandra 0-0: Called Strike
0-1: Ball
1-1: Bunt missed!
1-2: Foul Ball, location: 2F
1-2: Ball
Wild Pitch!
Rico Gomez to second
2-2: Fly out, F7 (Flyball, 78S, EV 91.9 MPH)
Batting: LHB David Sandoval 0-0: Called Strike
0-1: Ball
1-1: Swinging Strike
1-2: Foul Ball, location: 2F
1-2: Ball
2-2: Ball
3-2: Strikes out swinging
Batting: RHB Josh Wilson 0-0: Ball
1-0: Ball
2-0: Ball
3-0: Called Strike
3-1: Base on Balls
Batting: LHB Dan Parker 0-0: Ball
1-0: Foul Ball, location: 25F
1-1: DOUBLE (Line Drive, 78D, EV 105.0 MPH)
Rico Gomez scores
Josh Wilson to third
Runner from 3rd tries for Home, SAFE, throw by CF to home
Pitching: LHP Victor Castorena
Batting: RHB Brett O'Grady 0-0: Swinging Strike
0-1: Ball
1-1: Ball
2-1: Ball
3-1: Base on Balls
Batting: SHB Jeremy Maughan 0-0: Ball
1-0: Ball
2-0: Called Strike
2-1: Ball
3-1: Base on Balls
Dan Parker to third
Brett O'Grady to second
Batting: RHB Jason Milano 0-0: Called Strike
0-1: Ball
1-1: Ball
2-1: Foul Ball, location: 25F
2-2: Strikes out looking
Top of the 6th over - 3 runs, 3 hits, 0 errors, 3 left on base; Jupiter 5 - Dunedin 2
BOTTOM OF THE 6TH
Dunedin Blue Jays batting - Pitching for Jupiter Hammerheads : RHP Joe Reiling
Batting: RHB Ricky Davila 0-0: Fly out, F4 (Line Drive, 4, EV 73.8 MPH)
Batting: SHB Luis Solano 0-0: Called Strike
0-1: Foul Ball, location: 9LDF
0-2: Ground out 4-3 (Groundball, 4, EV 91.3 MPH)
Batting: RHB Jesse Fobes 0-0: Called Strike
0-1: Ball
1-1: Called Strike
1-2: Ball
2-2: Fly out, F9 (Flyball, 9, EV 86.3 MPH)
Bottom of the 6th over - 0 runs, 0 hits, 0 errors, 0 left on base; Jupiter 5 - Dunedin 2
TOP OF THE 7TH
Jupiter Hammerheads batting - Pitching for Dunedin Blue Jays : LHP Victor Castorena
Batting: RHB Steve Franek 0-0: Ball
1-0: Called Strike
1-1: Swinging Strike
1-2: SINGLE (Line Drive, 8LS, EV 91.9 MPH)
Batting: RHB Rico Gomez 0-0: Ball
1-0: Called Strike
1-1: Called Strike
1-2: Strikes out swinging
Batting: RHB David Alejandra 0-0: Swinging Strike
0-1: SINGLE (Line Drive, 9S, EV 84.4 MPH)
Steve Franek to second
Runner from 2nd tries for 3rd, SAFE, no throw by RF
Batting: LHB David Sandoval 0-0: Ball
1-0: Ball
2-0: SINGLE (Groundball, 34D, EV 95.6 MPH)
Steve Franek scores
David Alejandra to second
Runner from 2nd tries for 3rd, SAFE, throw by RF made to third
Batting: RHB Josh Wilson 0-0: Ball
1-0: SINGLE (Line Drive, 78M, EV 107.5 MPH)
David Alejandra scores
David Sandoval to second
Batting: LHB Dan Parker 0-0: Foul Ball, location: 7LMF
0-1: Ball
1-1: Called Strike
1-2: Ball
2-2: Ball
3-2: Fly out, F6 (Line Drive, 6M, EV 71.3 MPH)
Lined into DP, U6 (Line Drive, 6M, EV 71.3 MPH)
Top of the 7th over - 2 runs, 4 hits, 0 errors, 1 left on base; Jupiter 7 - Dunedin 2
BOTTOM OF THE 7TH
Dunedin Blue Jays batting - Pitching for Jupiter Hammerheads : RHP Joe Reiling
Batting: RHB Dave Ellenbecker 0-0: Ground out 4-3 (Groundball, 4, EV 87.5 MPH)
Batting: RHB Jeff Dolcini 0-0: Called Strike
0-1: Ball
1-1: Foul Ball, location: 3FF
1-2: Foul Ball, location: 5F
1-2: Ball
2-2: Ball
3-2: SINGLE (Line Drive, 78S, EV 86.3 MPH)
Batting: RHB Matt Larsen 0-0: Called Strike
0-1: Swinging Strike
0-2: Fly out, F7 (Flyball, 78M, EV 96.3 MPH)
Batting: RHB Steve Bova 0-0: Called Strike
0-1: Ball
Jeff Dolcini steals 2nd base (no throw)
1-1: Swinging Strike
1-2: Ball
2-2: Fly out, F8 (Line Drive, 8RD, EV 106.3 MPH)
Bottom of the 7th over - 0 runs, 1 hit, 0 errors, 1 left on base; Jupiter 7 - Dunedin 2
TOP OF THE 8TH
Jupiter Hammerheads batting - Pitching for Dunedin Blue Jays : LHP Victor Castorena
Batting: RHB Brett O'Grady 0-0: Ball
1-0: Foul Ball, location: 2F
1-1: Ball
2-1: DOUBLE (Line Drive, 7LS, EV 106.3 MPH)
Batting: SHB Jeremy Maughan 0-0: Ball
1-0: Ball
2-0: Ball
3-0: Called Strike
3-1: Base on Balls
Batting: RHB Jason Milano 0-0: Ball
1-0: Called Strike
1-1: Swinging Strike
1-2: Strikes out swinging
Pitching: LHP Ramon Gallegos
Batting: RHB Steve Franek 0-0: Called Strike
0-1: Ball
1-1: Called Strike
1-2: Strikes out looking
Batting: RHB Rico Gomez 0-0: Fly out, F9 (Flyball, 9D, EV 103.8 MPH)
Top of the 8th over - 0 runs, 1 hit, 0 errors, 2 left on base; Jupiter 7 - Dunedin 2
BOTTOM OF THE 8TH
Dunedin Blue Jays batting - Pitching for Jupiter Hammerheads : RHP Joe Reiling
Batting: LHB Brandon Garvin 0-0: Called Strike
0-1: Foul Ball, location: 9LSFF
0-2: Ball
1-2: Ball
2-2: Ball
3-2: Foul Ball, location: 25FF
3-2: Strikes out looking
Batting: RHB Bill Curtis 0-0: Called Strike
0-1: Ground out 5-3 (Groundball, 56S, EV 89.4 MPH)
Batting: RHB Ricky Davila 0-0: Called Strike
0-1: Ball
1-1: Swinging Strike
1-2: Ball
2-2: Foul Ball, location: 7LDF
2-2: DOUBLE (Flyball, 8RXD, EV 90.0 MPH)
Pitching: LHP Omar Melendez
Batting: SHB Luis Solano 0-0: Ball
1-0: Foul Ball, location: 7LMF
1-1: Called Strike
1-2: Ball
2-2: Ball
3-2: Foul Ball, location: 9LSF
3-2: Ground out 6-3 (Groundball, 56, EV 79.4 MPH)
Bottom of the 8th over - 0 runs, 1 hit, 0 errors, 1 left on base; Jupiter 7 - Dunedin 2
TOP OF THE 9TH
Jupiter Hammerheads batting - Pitching for Dunedin Blue Jays : LHP Ramon Gallegos
Batting: RHB David Alejandra 0-0: Ball
1-0: Ball
2-0: Foul Ball, location: 2F
2-1: Called Strike
2-2: Ball
3-2: Base on Balls
Batting: LHB David Sandoval 0-0: Called Strike
0-1: Ball
1-1: Called Strike
1-2: Foul Ball, location: 2F
1-2: Foul Ball, location: 5SF
1-2: Ball
2-2: Ball
3-2: Grounds out, U3 (Groundball, 3L, EV 108.1 MPH)
Batting: RHB Josh Wilson 0-0: Swinging Strike
0-1: Ball
1-1: Foul Ball, location: 23F
1-2: Ground out 4-3 (Groundball, 4, EV 86.3 MPH)
David Alejandra to third
Batting: LHB Dan Parker 0-0: Called Strike
0-1: Ball
1-1: Foul Ball, location: 2F
1-2: Ball
2-2: Strikes out swinging
Top of the 9th over - 0 runs, 0 hits, 0 errors, 1 left on base; Jupiter 7 - Dunedin 2
BOTTOM OF THE 9TH
Dunedin Blue Jays batting - Pitching for Jupiter Hammerheads : LHP Omar Melendez
Batting: RHB Jesse Fobes 0-0: Ball
1-0: Ground out 6-3 (Groundball, 6, EV 99.4 MPH)
Batting: RHB Dave Ellenbecker 0-0: Called Strike
0-1: Ball
1-1: Ground out 1-3 (Groundball, P, EV 61.9 MPH)
Batting: RHB Jeff Dolcini 0-0: Called Strike
0-1: Swinging Strike
0-2: Foul Ball, location: 2F
0-2: Ball
1-2: Strikes out looking
Bottom of the 9th over - 0 runs, 0 hits, 0 errors, 0 left on base; Jupiter 7 - Dunedin 2
Saturday, May 4th , 2024 - OOTP Baseball 24.11 Build 85